 Dungeon Crawl Stone Soup version 0.30.1-9-gdf580d7c3d (webtiles) character file.

Game seed: 3760758186433163604

393 booth the Chopper (level 6, -5/49 HPs)
             Began as a Demonspawn Monk on Oct 18, 2023.
             Slain by a centaur
             ... wielding a +0 long sword
              (8 damage)
             ... on level 4 of the Dungeon on Oct 19, 2023.
             The game lasted 00:18:39 (3572 turns).

booth the Chopper (Demonspawn Monk)                 Turns: 3572, Time: 00:18:39

Health: -5/49      AC:  5    Str: 14    XL:     6   Next: 51%
Magic:  6/6        EV: 13    Int: 11    God:
Gold:   197        SH:  0    Dex: 15    Spells: 5/5 levels left

rFire   . . .        a - +2 hand axe
rCold   . . .        d - orb {light}
rNeg    . . .        m - +0 leather armour
rPois   .            (no helmet)
rElec   .            (no cloak)
rCorr   .            (gloves unavailable)
SInv    .            (no boots)
Will    .....        (no amulet)
Stlth   +            (no ring)
HPRegen 0.28/turn    (no ring)
MPRegen 0.10/turn

%: no passive effects
@: glowing
A: claws 3, molten scales 1
a: no special abilities


You were on level 4 of the Dungeon.
You visited 1 branch of the dungeon, and saw 4 of its levels.

You collected 197 gold pieces.

Inventory:

Hand Weapons
 a - a +2 hand axe (weapon)
 j - a +0 mace
Missiles
 k - 3 atropa-tipped darts (quivered)
 o - 3 boomerangs
Armour
 d - an orb of light (worn)
 m - a +0 leather armour (worn)
Wands
 b - a wand of acid (11)
Scrolls
 f - a scroll of fear {unknown}
 l - a scroll of fog
Potions
 c - a potion of ambrosia
 e - a potion of curing
 h - a potion of lignification {unknown}
 i - 2 potions of mutation


   Skills:
 + Level 4.3 Fighting
 * Level 4.8 Axes
 + Level 1.9 Throwing
 + Level 3.9 Dodging


You had 5 spell levels left.
You didn't know any spells.
Your spell library contained the following spells:

 Spells                   Type           Power      Damage    Failure   Level
 Blink                    Tloc           0%         N/A       56%         2
 Manifold Assault         Tloc           0%         N/A       99%         4
 Storm Form               Tmut/Air       0%         N/A       100%        7


Dungeon Overview and Level Annotations

Branches:
Dungeon (4/15)
 Temple: D:4-7

Altars:
Uskayaw

Shops:
D:1 =


Innate Abilities, Weirdness & Mutations

You have claws for hands.
You are partially covered in molten scales. (AC +2)


Message History

The centaur misses you. x2; The centaur barely misses you.
Throw: 4 darts (atropa)
Press: ? - help, Q - select action, (/) - cycle Shift-Dir - straight line, f - centaur
Aim: a centaur, wielding a +0 long sword (moderately wounded, haloed, 90% to hit, chance to blind on hit: 61%)
You throw an atropa-tipped dart.
The atropa-tipped dart hits the centaur.
The centaur appears confused.
The centaur is moderately wounded.
The centaur barely misses you. The centaur kicks you.
* * * LOW HITPOINT WARNING * * *
You are too injured to fight recklessly!
You hit the centaur.
The centaur is heavily wounded.
The centaur hits you with a +0 long sword.
* * * LOW HITPOINT WARNING * * *
The centaur closely misses you.
You hit the centaur but do no damage.
The centaur is heavily wounded.
The centaur drinks a potion.
The centaur is healed!
The centaur misses you. x2
You hit the centaur.
The centaur is lightly wounded.
The centaur misses you. The centaur barely misses you.
You hit the centaur.
The centaur is lightly wounded.
The centaur is no longer blind.
The centaur misses you. x2
The centaur barely misses you.
The centaur kicks you but does no damage.
You barely miss the centaur.
The centaur is lightly wounded.
The centaur barely misses you. x2
You hit the centaur.
The centaur is moderately wounded.
The centaur closely misses you. The centaur barely misses you.
The centaur hits you with a +0 long sword.
* * * LOW HITPOINT WARNING * * *
The centaur kicks you but does no damage.
You hit the centaur.
The centaur is heavily wounded.
The centaur hits you with a +0 long sword!
You die...

....8..#.#.....### #..8...#
#......'_#.....## #......#
....8..#.#......# ##.....#
.......###....### ###.....##
.##..8..#...###.## ##.......#
.................###......>##
..................##.......##
...............c............#
...............#@....#......#
...............####.##......##
...............#.#####.......#
......)...........####.......#
.....#.<.....(....##.........#
....................##
.............#.....##
.........##..#.....#
.....................#


You could see a centaur.

Vanquished Creatures
  Menkaure (D:4)
  A phantom (D:4)
  A hound (D:3)
  Natasha (D:4)
  6 adders
  2 dart slugs
  3 orcs
  2 ball pythons
  6 bats
  7 endoplasms
  6 giant cockroaches
  7 goblins
  7 hobgoblins
  10 jackals
  4 quokkas
  A frilled lizard (D:3)
  11 kobolds
  6 rats
82 creatures vanquished.

Notes
Turn   | Place    | Note
-------+----------+-------------------------------------------
     0 | D:1      | booth the Demonspawn Monk began the quest for the Orb.
     0 | D:1      | Reached XP level 1. HP: 18/18 MP: 1/1
   197 | D:1      | Gained mutation: You have sharp fingernails. [demonic
                  | ancestry]
   197 | D:1      | Reached XP level 2. HP: 12/24 MP: 2/2
   322 | D:1      | Found Neennun's Jewellery Shop.
   622 | D:1      | Gained mutation: You have very sharp fingernails. [demonic
                  | ancestry]
   622 | D:1      | Reached XP level 3. HP: 26/29 MP: 3/3
  2099 | D:3      | Found a faded altar of an unknown god.
  2114 | D:3      | Reached XP level 4. HP: 35/36 MP: 4/4
  2679 | D:3      | Noticed a +0 dagger
  2689 | D:3      | Gained mutation: You have claws for hands. [demonic
                  | ancestry]
  2689 | D:3      | Reached XP level 5. HP: 42/42 MP: 5/5
  2692 | D:3      | Noticed a +0 falchion
  2693 | D:3      | Noticed a +0 short sword
  2694 | D:3      | Noticed a +0 falchion
  2695 | D:3      | Noticed a +0 spear
  2695 | D:3      | Noticed a +0 dagger
  2696 | D:3      | Noticed a +0 spear
  2696 | D:3      | Noticed a +0 short sword
  2697 | D:3      | Found a hide-covered altar of Uskayaw.
  2865 | D:3      | Reached skill level 1 in Throwing
  3369 | D:4      | Noticed a phantom
  3370 | D:4      | Noticed Natasha
  3389 | D:4      | Killed Natasha
  3404 | D:4      | Killed a phantom
  3405 | D:4      | Gained mutation: You are partially covered in molten
                  | scales. (AC +2) [demonic ancestry]
  3405 | D:4      | Reached XP level 6. HP: 25/48 MP: 6/6
  3513 | D:4      | Noticed Menkaure
  3530 | D:4      | Killed Menkaure
  3566 | D:4      | HP: 2/49 [centaur/+0 long sword (1)]
  3572 | D:4      | Slain by a centaur

Illustrated notes

Levels and vault maps discovered:
D:1:      giann_bridges, layout_basic, serial_shops, nicolae_shop_hallway_stairs
D:2:      layout_basic, minivault_24
D:3:      minmay_wonky_spiral, layout_loops_corners, nicolae_uskayaw_en_pointe,
          shapermc_ecumenical_altar_starsandcircs, minmay_distorted
D:4:      layout_cave_pools, zin_statuary, serial_column_ruins,
          column_ruins_open_small_water, column_ruins_corridor_dead_end,
          column_ruins_open_tiny, column_ruins_grid_3, column_ruins_open_small,
          uniq_natasha, uniq_menkaure, uniq_crazy_yiuf_cottage

Skill      XL: |  1  2  3  4  5 |
---------------+----------------+-----
Axes           | 3 4 |  4.8
Dodging        | 3 |  3.9
Throwing       | 1 |  1.9
Fighting       | 4 |  4.3

Action                     |  1- 3 |  4- 6 || total
---------------------------+-------+-------++-------
  Melee: Hand axe          |   120 |   120 ||   240
  Throw: Dart              |       |     2 ||     2
    Use: Scroll            |     3 |     3 ||     6
         Potion            |     1 |     3 ||     4
 Armour: Robe              |    26 |     6 ||    32
         Leather armour    |       |    38 ||    38
  Dodge: Dodged            |    81 |    93 ||   174
